 Dungeon Crawl Stone Soup version 0.29.0-4-gdea44cf6ec (webtiles) character file.

Game seed: 1737193720202155839

84 qw the Chopper (level 4, 0/26 HPs)
             Began as a Tengu Warper on Aug 29, 2022.
             Slain by a gnoll
             ... wielding a +0 halberd
              (5 damage)
             ... on level 3 of the Dungeon.
             The game lasted 00:00:14 (2333 turns).

qw the Chopper (Tengu Warper)                       Turns: 2333, Time: 00:00:14

Health: 0/26       AC:  7    Str: 13    XL:     4   Next: 46%
Magic:  8/8        EV: 11    Int: 14    God:
Gold:   107        SH:  0    Dex: 13    Spells: 7/7 levels left

rFire   x . .      SeeInvis .   Y - +0 hand axe
rCold   . . .      Faith    .   (no shield)
rNeg    . . .      Spirit   .   h - +0 ring mail
rPois   .          Reflect  .   (helmet restricted)
rElec   +          Harm     .   (no cloak)
rCorr   .          Rampage  .   b - +1 pair of gloves of the Comet {Fly rElec rF-}
Will    .....                   (boots unavailable)
Stlth   +.........              (no amulet)
HPRegen 0.08/turn               (no ring)
MPRegen 0.11/turn               (no ring)

@: flying
A: beak, talons 3
a: no special abilities


You were on level 3 of the Dungeon.
You visited 1 branch of the dungeon, and saw 3 of its levels.

You collected 107 gold pieces.


Innate Abilities, Weirdness & Mutations

You have a beak for a mouth.
You have claws for feet.


   Skills:
 - Level 2.0 Fighting
 + Level 5.0 Axes
 - Level 1.0 Throwing
 - Level 1.1 Armour
 - Level 2.1 Dodging
 - Level 2.0 Spellcasting
 - Level 2.4 Translocations


You had 7 spell levels left.
You didn't know any spells.
Your spell library contained the following spells:

 Spells                   Type           Power      Damage    Failure   Level
 Blink                    Tloc           16%        N/A       28%         2
 Gell's Gravitas          Tloc           8%         N/A       50%         3
 Lesser Beckoning         Tloc           8%         N/A       50%         3
 Teleport Other           Tloc           8%         N/A       50%         3
 Manifold Assault         Tloc           8%         N/A       99%         5

Inventory:

Hand Weapons
 d - a +0 mace
 Y - a +0 hand axe (weapon)
Armour
 b - the +1 pair of gloves of the Comet (worn) {Fly rElec rF-}
   (You acquired it on level 2 of the Dungeon)

   rF:        It makes you vulnerable to fire.
   rElec:     It insulates you from electricity.
   Fly:       It grants you flight.
 h - a +0 ring mail (worn)
 i - a +0 chain mail
Jewellery
 e - an amulet of the acrobat
Scrolls
 a - 6 scrolls of identify
 c - a scroll of enchant weapon {unknown}
 f - a scroll of silence {unknown}
 g - a scroll of enchant armour {unknown}

Dungeon Overview and Level Annotations

Branches:
Dungeon (3/15)

Altars:
Hepliaklqana
The Shining One


Message History

There is an open door here.
A gnoll comes into view. It is wielding a +0 halberd.
The gnoll shouts!
Enter note: A gnoll comes into view. It is wielding a +0 flail.
A gnoll comes into view. It is wielding a +2 vorpal flail.
The gnoll shouts!
A gnoll comes into view. It is wielding a +0 halberd.
The gnoll shouts!
The gnoll closely misses you.
You closely miss the gnoll. Your kick misses the gnoll.
Your peck misses the gnoll. The gnoll misses you.
You hit the gnoll but do no damage. You claw the gnoll.
The gnoll is lightly wounded.
The gnoll hits you with a +0 halberd.
You hit the gnoll. You peck the gnoll.
The gnoll is moderately wounded.
You hit the gnoll. The gnoll completely misses you.
The gnoll hits you with a +0 flail.
You hit the gnoll. Your peck misses the gnoll.
The gnoll is almost dead.
You hit the gnoll. The gnoll misses you.
You hit the gnoll but do no damage.
The gnoll is moderately wounded.
You barely miss the gnoll.
The gnoll hits you from afar with a +0 halberd.
The gnoll closely misses you.
You barely miss the gnoll. You claw the gnoll. You peck the gnoll.
The gnoll is almost dead.
You hit the gnoll. The gnoll hits you with a +0 flail. The gnoll misses you.
The gnoll hits you with a +2 vorpal flail.
You hit the gnoll.
You kill the gnoll!
You hit the gnoll. The gnoll closely misses you.
The gnoll hits you but does no damage. x2
The gnoll hits you from afar with a +0 halberd.
You die...

#. #. .. ##+## #.
##...## #. ### ##.....##
#.##.## ##.......#
.#####)#...####.........
....ggg@......'.........
##.###############......
#.....# #....## #...##
##+## . #.# . #.# ##.
##########.###


You could see 3 gnolls.

Vanquished Creatures
  3 adders (D:2)
  A gnoll (D:3)
  3 worms (D:2)
  An orc (D:3)
  5 endoplasms
  A giant cockroach (D:1)
  7 goblins
  3 hobgoblins (D:2)
  3 quokkas (D:2)
  7 ball pythons
  4 bats
  A frilled lizard (D:1)
  6 kobolds
  3 rats
48 creatures vanquished.

Notes
Turn   | Place    | Note
-------+----------+-------------------------------------------
     0 | D:1      | qw the Tengu Warper began the quest for the Orb.
     0 | D:1      | Reached XP level 1. HP: 12/12 MP: 4/4
     0 | D:1      | 0 ||| qw: Version: 0.1-a-89-g26bdef1
     0 | D:1      | 0 ||| qw: Game counter: 3566
     0 | D:1      | 0 ||| qw: Always use a shield: true
     0 | D:1      | 0 ||| qw: God list: Okawaru
     0 | D:1      | 0 ||| qw: Allow faded altars: false
     0 | D:1      | 0 ||| qw: Do Orc after D:15 true
     0 | D:1      | 0 ||| qw: Do second Lair branch before Depths: true
     0 | D:1      | 0 ||| qw: Lair rune preference: random
     0 | D:1      | 0 ||| qw: Plans: Normal
     0 | D:1      | 0 ||| PLANNING D:1-11
    73 | D:1      | 73 ||| Stepping ~*~*~tactically~*~*~ (stealth).
    74 | D:1      | 74 ||| Stepping ~*~*~tactically~*~*~ (stealth).
   131 | D:1      | Reached XP level 2. HP: 17/17 MP: 6/6
   138 | D:1      | Reached skill level 3 in Axes
   538 | D:1      | 538 ||| UPGRADING to +0 ring mail.
   548 | D:1      | 548 ||| DROPPING +0 leather armour.
   549 | D:1      | 549 ||| READING 6 scrolls labelled JUOLESH LIBUVA.
   550 | D:1      | 550 ||| READING scroll labelled QEUDOP VIAVU.
   551 | D:1      | 551 ||| DRINKING 2 blue potions.
   589 | D:1      | 589 ||| DRINKING 2 fuming emerald potions.
   590 | D:1      | 590 ||| DROPPING scroll of blinking.
   591 | D:1      | 591 ||| DROPPING potion of lignification.
   592 | D:1      | 592 ||| DROPPING potion of magic.
   621 | D:2      | Found a faded altar of an unknown god.
   645 | D:2      | 645 ||| Stepping ~*~*~tactically~*~*~ (hiding).
   697 | D:2      | Reached XP level 3. HP: 13/21 MP: 7/7
   846 | D:2      | Reached skill level 4 in Axes
   926 | D:2      | 926 ||| FLEEEEING.
   927 | D:2      | 927 ||| FLEEEEING.
   928 | D:2      | 928 ||| FLEEEEING.
   929 | D:2      | 929 ||| FLEEEEING.
   933 | D:2      | 933 ||| FLEEEEING.
   934 | D:2      | 934 ||| FLEEEEING.
   935 | D:2      | 935 ||| FLEEEEING.
   936 | D:2      | 936 ||| FLEEEEING.
   948 | D:2      | 948 ||| FLEEEEING.
   949 | D:2      | 949 ||| FLEEEEING.
   956 | D:2      | 956 ||| FLEEEEING.
   957 | D:2      | 957 ||| FLEEEEING.
  1223 | D:2      | 1223 ||| Stepping ~*~*~tactically~*~*~ (stealth).
  1224 | D:2      | 1224 ||| Stepping ~*~*~tactically~*~*~ (stealth).
  1231 | D:2      | 1231 ||| Stepping ~*~*~tactically~*~*~ (stealth).
  1232 | D:2      | 1232 ||| Stepping ~*~*~tactically~*~*~ (stealth).
  1247 | D:2      | HP: 5/21 [worm (6)]
  1714 | D:2      | 1714 ||| DROPPING +0 club.
  1726 | D:2      | Reached XP level 4. HP: 26/26 MP: 8/8
  2108 | D:2      | 2108 ||| READING scroll labelled HEAN ACYCRIKACIRGH.
  2109 | D:2      | 2109 ||| READING scroll labelled QUES YDEKERGHU.
  2109 | D:2      | Identified a scroll of acquirement
  2109 | D:2      | 2109 ||| ACQUIRING +1 pair of gloves of the Comet {Fly
                  | rElec rF-}
  2109 | D:2      | Acquired the +1 pair of gloves of the Comet {Fly rElec rF-}
  2111 | D:2      | 2111 ||| UPGRADING to +1 pair of gloves of the Comet {Fly
                  | rElec rF-}.
  2116 | D:2      | 2116 ||| READING 6 scrolls of identify.
  2116 | D:2      | 2116 ||| IDENTIFYING fizzy emerald potion
  2117 | D:2      | 2117 ||| DROPPING potion of flight.
  2138 | D:3      | Reached skill level 5 in Axes
  2177 | D:3      | Found a hazy altar of Hepliaklqana.
  2297 | D:3      | Found a glowing golden altar of the Shining One.
  2332 | D:3      | HP: 6/26 [gnoll/+2 vorpal flail (5)]
  2333 | D:3      | Slain by a gnoll

Levels and vault maps discovered:
D:1:      giann_horns, layout_basic, minmay_misc_feat_four_crosses,
          grunt_decor_mini_mirrors
D:2:      layout_loops_cross, ebering_ecumenical_altar_abandoned
D:3:      wad_crossroads, layout_loops_corners, tso_oasis_becter,
          trog_three_pillars_becter, lemuel_tele_altar,
          mainiacjoe_overflow_small_starburst, skrybe_limestone_x, uniq_sigmund

Skill      XL: |  1  2  3  4 |
---------------+-------------+-----
Axes           | 3 4 5 |  5.0
Fighting       | |  2.0
Throwing       | |  1.0
Armour         | |  1.1
Dodging        | |  2.1
Spellcasting   | |  2.0
Translocations | |  2.4

Action                   |  1- 3 |  4- 6 || total
-------------------------+-------+-------++-------
Melee: Hand axe          |    90 |    38 ||   128
       Kick              |    24 |    10 ||    34
       Peck              |    12 |     7 ||    19
       Punch             |     1 |       ||     1
Throw: Boomerang         |     7 |       ||     7
  Use: Scroll            |     2 |     3 ||     5
       Potion            |     2 |       ||     2
Armor: Leather armour    |     2 |       ||     2
       Ring mail         |    15 |    13 ||    28
Dodge: Dodged            |    42 |    22 ||    64

Table legend:
 A = Non-vault XP
 B = Vault XP
 C = Vault XP percentage of total XP
 D = Non-vault monster count
 E = Vault monster count
 F = Vault count percentage of total count
                 A         B        C        D         E       F
            +---------+---------+-------+---------+---------+-------
      Total |     131 |       3 |   2.2 |      47 |       1 |   2.1
            +---------+---------+-------+---------+---------+-------
        D:1 |      26 |       0 |   0.0 |      17 |       0 |   0.0
        D:2 |      87 |       0 |   0.0 |      26 |       0 |   0.0
        D:3 |      18 |       3 |  14.3 |       4 |       1 |  20.0
            +---------+---------+-------+---------+---------+-------
